 Dungeon Crawl Stone Soup version 0.31-a0-369-g8eba5f6939 (webtiles) character file.

Game seed: 16701961167798939974

14777 vineage the Fighter (level 12, -10/82 HPs)
             Began as a Gargoyle Fighter on July 28, 2023.
             Was a High Priest of Okawaru.
             Mangled by a titanic slime creature (65 damage)
             ... on level 12 of the Dungeon.
             The game lasted 00:11:21 (9612 turns).

vineage the Fighter (Gargoyle Fighter)              Turns: 9612, Time: 00:11:22

Health: -10/82     AC: 23    Str: 25    XL:     12   Next: 20%
Magic:  11/13      EV: 13    Int:  9    God:    Okawaru [*****.]
Gold:   749        SH: 13    Dex: 15    Spells: 11/11 levels left

rFire   . . .        q - +0 morningstar (vamp)
rCold   + . .        o - +0 kite shield
rNeg    + . .        u - +2 ring mail {rC+}
rPois   ∞            G - +1 helmet
rElec   +            (no cloak)
rCorr   .            (no gloves)
SInv    .            A - +0 pair of boots {Fly}
Will    +....        h - amulet of regeneration
Stlth   ++           i - +6 ring of dexterity
HPRegen 1.13/turn    C - ring of willpower
MPRegen 0.13/turn

%: no passive effects
@: heroic, flying
A: sickness immunity, AC +8, negative energy resistance 1, electricity
resistance, torment resistance 1, petrification resistance
a: Renounce Religion, Heroism, Finesse, Duel


You were on level 12 of the Dungeon.
You worshipped Okawaru.
Okawaru was extremely pleased with you.
You visited 2 branches of the dungeon, and saw 13 of its levels.

You collected 749 gold pieces.

Inventory:

Hand Weapons
 a - a +1 flail
 q - a +0 vampiric morningstar (weapon)
Missiles
 x - 3 throwing nets
Armour
 o - a +0 kite shield (worn)
 u - a +2 ring mail of cold resistance (worn)
 A - a +0 pair of boots of flying (worn)
 G - a +1 helmet (worn)
Jewellery
 h - an amulet of regeneration (around neck)
 i - a +6 ring of dexterity (left hand)
 B - a ring of ice
 C - a ring of willpower (right hand)
Wands
 f - a wand of flame (30)
 g - a wand of iceblast (5)
 r - a wand of paralysis (12)
 s - a wand of polymorph (24)
 F - a wand of digging (4)
Scrolls
 n - 3 scrolls of vulnerability
 p - 4 scrolls of teleportation
 v - 2 scrolls of fog
 y - a scroll of poison
 z - a scroll of enchant armour {unknown}
Potions
 b - a potion of berserk rage
 d - a potion of might
 e - a potion of ambrosia
 j - 2 potions of lignification
 k - a potion of cancellation
 l - a potion of curing
 m - 3 potions of brilliance
 t - a potion of attraction
 w - 2 potions of mutation
 D - a potion of experience {unknown}
 E - a potion of invisibility {unknown}
 H - 2 potions of magic {unknown}


   Skills:
 + Level 12.3(17.3) Fighting
 * Level 11.6(16.6) Maces & Flails
 + Level 9.5(14.5) Armour
 + Level 9.4(14.4) Shields
 - Level 2.3 Invocations


You had 11 spell levels left.
You didn't know any spells.
Your spell library contained the following spells:

 Spells                   Type           Power      Damage    Failure   Level
 Sting                    Tmut/Pois      0%         1d3       63%         1
 Poisonous Vapours        Pois/Air       0%         N/A       77%         2
 Ignite Poison            Fire/Tmut/Pois 0%         N/A       94%         3
 Manifold Assault         Tloc           0%         N/A       100%        4
 Olgreb's Toxic Radiance  Pois           0%         N/A       100%        4
 Sticky Flame             Conj/Fire      0%         2d3       100%        4
 Dispersal                Tloc           0%         N/A       100%        6
 Disjunction              Tloc           0%         N/A       100%        8
 Ignition                 Fire           0%         3d3       100%        8


Dungeon Overview and Level Annotations

Branches:
Dungeon (12/15)            Temple (1/1) D:7            Lair (0/5) D:10
    Orc (0/2) D:10

Altars:
Ashenzari
Cheibriados
Dithmenos
Elyvilon
Fedhas
Gozag
Hepliaklqana
Kikubaaqudgha
Makhleb
Nemelex Xobeh
Okawaru
Qazlal
Ru
Sif Muna
Trog
Uskayaw
Vehumet
Wu Jian
Xom
Yredelemnul
Zin
The Shining One

Annotations:
D:8 2 transporters


Innate Abilities, Weirdness & Mutations

You are immune to sickness and miasma.
Your stone body is resilient. (AC +8)
You are immune to poison.
You resist negative energy. (rN+)
You are resistant to electric shocks. (rElec)
You are resistant to unholy torment.
You are immune to petrification.


Message History

You bludgeon the very large slime creature!!
The very large slime creature is moderately wounded.
The very large slime creature hits you but does no damage.
The slime creature barely misses you. The slime creature hits you!
You bludgeon the very large slime creature!!
You feel better.
The very large slime creature is heavily wounded.
The very large slime creature hits you but does no damage.
The slime creature hits you!
The slime creature hits you but does no damage.
You are too injured to fight recklessly!
You are too injured to fight recklessly!
You are too injured to fight recklessly!
You are too injured to fight recklessly!
You are too injured to fight recklessly!
You are too injured to fight recklessly!
You are too injured to fight recklessly!
You are too injured to fight recklessly!
You are too injured to fight recklessly!
You are too injured to fight recklessly!
You are too injured to fight recklessly!
You are too injured to fight recklessly!
You are too injured to fight recklessly!
You are too injured to fight recklessly!
You are too injured to fight recklessly!
Two slime creatures merge to form an enormous slime creature.
Two slime creatures merge to form a titanic slime creature.
You hit the titanic slime creature.
You feel better.
The titanic slime creature is moderately wounded.
You gain the combat prowess of a mighty hero.
You block the titanic slime creature's attack.
You puncture the titanic slime creature!
You feel better.
The titanic slime creature is moderately wounded.
You block the titanic slime creature's attack.
You puncture the titanic slime creature!
The titanic slime creature is moderately wounded.
The titanic slime creature hits you!!!
Ouch! That really hurt!
You die...

.......'.........#
......)###..>....#
.......# #.......#
.......# #.......#
.......# ######.##
.......# #.#
##'##### #.## ...#
#..# .#### ##@#
....# #J# ....#
#.....# ....#
#.....# ....#
#.....# ....####
#.....# .......#
#.....# ....##.
+.....# ....#
#.....#


You could see a titanic slime creature.

Vanquished Creatures
  Harold (D:10)
  The ghost of Vorhees the Skirmisher, a journeyman GnHu of Gozag (D:9)
  2 two-headed ogres (D:12)
  Sonja (D:10)
  The ghost of MrCrawl the Arsonist, a novice TeFE of Vehumet (D:7)
  A slime creature (D:12)
  A guardian serpent (D:12)
  Psyche (D:10)
  An unseen horror (D:8)
  9 trolls
  Grinder (D:3)
  4 dream sheep (D:7)
  A vampire (D:11)
  3 shadows
  2 wraiths
  A wyvern (D:9)
  13 yaks
  3 steam dragons
  A warg (D:7)
  An acid dragon (D:10)
  9 orc warriors
  A black bear (D:5)
  4 centaurs
  3 phantoms
  3 kobold brigands
  4 bullfrogs
  A gnoll sergeant (D:5)
  2 scorpions
  A troll zombie (D:10)
  4 howler monkeys
  2 electric eels (D:3)
  6 hounds
  2 jellies
  9 orc priests
  Natasha (thrice) (D:2)
  3 iguanas
  16 orc wizards
  7 ogre zombies (D:10)
  13 gnolls
  7 adders
  2 shadow imps
  An ufetubus (D:3)
  4 worms
  A dart slug (D:2)
  67 orcs
  5 ball pythons
  5 bats
  10 endoplasms
  5 giant cockroaches
  8 goblins
  9 hobgoblins
  19 kobolds
  11 frilled lizards
  A goblin skeleton (D:10)
  2 goblin zombies (D:10)
  3 hobgoblin skeletons (D:10)
  5 hobgoblin zombies (D:10)
  2 orc skeletons (D:10)
  12 orc zombies (D:10)
  6 rats
327 creatures vanquished.

Vanquished Creatures (others)
  2 orc wizards
2 creatures vanquished.

Grand Total: 329 creatures vanquished

Notes
Turn   | Place    | Note
-------+----------+-------------------------------------------
     0 | D:1      | vineage the Gargoyle Fighter began the quest for the Orb.
     0 | D:1      | Reached XP level 1. HP: 14/14 MP: 1/1
   130 | D:1      | Reached XP level 2. HP: 15/20 MP: 2/2
   176 | D:1      | Reached skill level 4 in Fighting
   469 | D:1      | Reached XP level 3. HP: 24/24 MP: 3/3
  1262 | D:2      | Noticed Natasha
  1273 | D:2      | Killed Natasha
  1274 | D:2      | Reached skill level 5 in Fighting
  1274 | D:2      | Reached XP level 4. HP: 25/31 MP: 4/4
  1323 | D:2      | Found a broken altar of Ashenzari.
  1356 | D:2      | Noticed Natasha
  1364 | D:2      | Killed Natasha
  1393 | D:2      | Noticed Natasha
  1401 | D:2      | Killed Natasha
  1402 | D:2      | Reached skill level 6 in Fighting
  1402 | D:2      | Reached XP level 5. HP: 16/36 MP: 5/5
  1911 | D:3      | Noticed Grinder
  1930 | D:3      | Paralysed by Grinder for 4 turns
  1950 | D:3      | Paralysed by Grinder for 4 turns
  1958 | D:3      | Killed Grinder
  1959 | D:3      | Reached skill level 8 in Fighting
  1959 | D:3      | Reached XP level 6. HP: 29/44 MP: 6/6
  1987 | D:3      | Found an ancient bone altar of Kikubaaqudgha.
  2103 | D:3      | Found a transporter.
  2145 | D:3      | Found a transporter.
  2306 | D:3      | Paralysed by an orc for 4 turns
  2374 | D:3      | Reached XP level 7. HP: 45/50 MP: 7/7
  3074 | D:4      | Reached skill level 9 in Fighting
  3302 | D:5      | Entered Level 5 of the Dungeon
  3379 | D:5      | Reached XP level 8. HP: 54/56 MP: 8/8
  3790 | D:5      | Found a glowing silver altar of Zin.
  4180 | D:6      | Found a burning altar of Makhleb.
  4180 | D:6      | Found a blossoming altar of Fedhas.
  4329 | D:6      | Noticed a yak
  4330 | D:6      | Noticed a yak
  4330 | D:6      | Noticed a yak
  4343 | D:6      | Killed a yak
  4344 | D:6      | Reached skill level 5 in Maces & Flails
  4344 | D:6      | Reached skill level 5 in Armour
  4344 | D:6      | Reached skill level 5 in Shields
  4347 | D:6      | Killed a yak
  4348 | D:6      | Reached XP level 9. HP: 23/62 MP: 9/9
  4808 | D:7      | Reached skill level 10 in Fighting
  5191 | D:7      | Reached XP level 10. HP: 68/68 MP: 10/10
  5194 | D:7      | Found the +5 robe of Night {Dark Will+ SInv}
  5292 | D:7      | Found a staircase to the Ecumenical Temple.
  5575 | Temple   | Entered the Ecumenical Temple
  5582 | Temple   | Became a worshipper of Warmaster Okawaru
  5636 | D:7      | Found a runed translucent gate.
  5637 | D:7      | Noticed MrCrawl's ghost (novice TeFE)
  5678 | D:7      | Found a runed translucent gate.
  5678 | D:7      | Found a runed translucent gate.
  5810 | D:7      | Killed MrCrawl's ghost
  5896 | D:7      | Reached * piety under Okawaru
  5959 | D:8      | Found a transporter.
  6052 | D:8      | Reached skill level 1 in Invocations
  6065 | D:8      | Reached skill level 11 in Fighting
  6402 | D:8      | Killed an unseen horror
  6550 | D:8      | Reached ** piety under Okawaru
  6666 | D:8      | Found a transporter.
  6851 | D:9      | Found a runed translucent door.
  6851 | D:9      | Noticed Vorhees's ghost (journeyman GnHu)
  7439 | D:9      | Reached XP level 11. HP: 54/74 MP: 12/12
  7611 | D:9      | Killed Vorhees's ghost
  7648 | D:10     | Entered Level 10 of the Dungeon
  7695 | D:10     | Noticed Psyche
  7696 | D:10     | Noticed Harold
  7706 | D:10     | Killed Psyche
  7715 | D:10     | Killed Harold
  7715 | D:10     | Reached *** piety under Okawaru
  7892 | D:10     | Found a staircase to the Orcish Mines.
  7913 | D:10     | Reached skill level 10 in Maces & Flails
  7948 | D:10     | Noticed Sonja
  7998 | D:10     | Killed Sonja
  8436 | D:10     | Found a staircase to the Lair.
  8585 | D:10     | Found a hazy altar of Hepliaklqana.
  8662 | D:11     | Reached **** piety under Okawaru
  8771 | D:11     | Reached skill level 12 in Fighting
  9204 | D:12     | Reached ***** piety under Okawaru
  9205 | D:12     | Reached XP level 12. HP: 81/81 MP: 13/13
  9227 | D:12     | Noticed a two-headed ogre
  9231 | D:12     | Killed a two-headed ogre
  9507 | D:12     | Noticed a two-headed ogre
  9573 | D:12     | Killed a two-headed ogre
  9612 | D:12     | Mangled by a titanic slime creature

Illustrated notes

Levels and vault maps discovered:
D:1:      psy_arrival_radial02, layout_loops_ring, roderic_serpentine_path,
          minmay_lizard_king
D:2:      layout_rooms, basic_altar, uniq_natasha
D:3:      gammafunk_steamed_eel, layout_loops_ring,
          mainiacjoe_overflow_alcove_2, uniq_grinder
D:4:      layout_loops_cross
D:5:      layout_basic, zin_statuary, grunt_ministairs_4, minmay_circle_x
D:6:      minmay_klotski, layout_loops_ring, gammafunk_temple_overflow_statue,
          uniq_duvessa
D:7:      layout_loops_ring, minmay_temple_entry_enclosed_plants,
          biasface_ghost_orc_armoury, hellmonk_guarded_unrand_night
D:8:      gammafunk_beogh_shrine, layout_basic
D:9:      layout_gridville, gammafunk_ghost_grave
D:10:     layout_roguey [special_room_orc], mainiacjoe_overflow_alcove_1,
          lair_entry_dummy, zombieorc2_lemuel, uniq_sonja, uniq_psyche,
          uniq_harold
D:11:     layout_rooms
D:12:     layout_roguey, minmay_misc_feat_tiny, nrook_guardian_serpent_double
Temple:   sentei_temple_godly_chess

Skill      XL: |  1  2  3  4  5  6  7  8  9 10 11 |
---------------+----------------------------------+-----
Fighting       | 4 5 6 8 9 10 11 12 | 12.3
Maces & Flails | 3 5 7 9 11 | 11.6
Armour         | 5 6 7 9 |  9.5
Shields        | 5 6 7 9 |  9.4
Invocations    | 2 |  2.3

Action                     |  1- 3 |  4- 6 |  7- 9 | 10-12 || total
---------------------------+-------+-------+-------+-------++-------
  Melee: Flail             |   119 |   181 |   261 |       ||   561
         Morningstar       |       |       |   151 |   729 ||   880
 Invoke: Heroism           |       |       |       |     8 ||     8
    Use: Scroll            |       |     8 |     9 |     8 ||    25
         Potion            |       |       |     1 |     3 ||     4
 Armour: Scale mail        |     3 |       |       |       ||     3
         Chain mail        |    85 |   164 |   149 |       ||   398
         Ring mail         |       |       |   155 |   544 ||   699
  Dodge: Dodged            |    37 |    99 |   214 |   330 ||   680
  Block: Buckler           |    24 |    35 |   108 |   236 ||   403
         Kite shield       |       |       |       |    48 ||    48

Table legend: (Time is in decaauts)
 A = Elapsed time spent in this place.
 B = Non-inter-level travel time spent in this place.
 C = Inter-level travel time spent in this place.
 D = Time resting spent in this place.
 E = Time spent auto-exploring this place.
 F = Levels seen in this place.
 G = Mean time per level.
                   A        B        C        D        E       F      G
               +--------+--------+--------+--------+--------+-----+--------+
         Total |   9848 |   9392 |    456 |    202 |   6504 |  13 |  757.5 |
       Dungeon |   9833 |   9390 |    443 |    202 |   6504 |  12 |  819.4 |
        Temple |     14 |      1 |     13 |      0 |      0 |   1 |   14.0 |
               +--------+--------+--------+--------+--------+-----+--------+

Top non-repeatable levels by time:
     D:7: 1278 daAuts
     D:1: 1237 daAuts
    D:10: 1007 daAuts
     D:9: 907 daAuts
     D:3: 820 daAuts
     D:5: 819 daAuts
     D:8: 801 daAuts
     D:4: 697 daAuts
     D:2: 683 daAuts
     D:6: 620 daAuts
    D:11: 545 daAuts
    D:12: 413 daAuts
  Temple: 14 daAuts
